 Dungeon Crawl Stone Soup version 0.30-a0-390-g80c34de65d (webtiles) character file.

Game seed: 9284169263903520498

814 arthad the Covered (level 7, -4/45 HPs)
             Began as a Gargoyle Fighter on Dec 4, 2022.
             Was a Follower of Makhleb.
             Slain by an orc warrior
             ... wielding a +0 flail
              (8 damage)
             ... on level 5 of the Dungeon.
             The game lasted 00:06:56 (3847 turns).

arthad the Covered (Gargoyle Fighter)               Turns: 3847, Time: 00:06:57

Health: -4/45      AC: 12    Str: 21    XL:     7   Next: 93%
Magic:  7/7        EV:  9    Int:  9    God:    Makhleb [*.....]
Gold:   111        SH:  5    Dex: 12    Spells: 6/6 levels left

rFire   . . .      SeeInvis .    u - +10 dagger of Joyful Slaughter {freeze, Dex+3}
rCold   + . .      Faith    .    c - +0 buckler
rNeg    + + .      Spirit   .    b - +0 scale mail
rPois   ∞          Reflect  .    (no helmet)
rElec   +          Harm     .    (no cloak)
rCorr   .          Rampage  .    (no gloves)
Will    .....                    (no boots)
Stlth   ..........               q - amulet of magic regeneration
HPRegen 0.27/turn                m - ring of protection from cold
MPRegen 0.50/turn                r - ring of positive energy

@: no status effects
A: sickness immunity, AC +4, negative energy resistance 1, electricity
resistance, torment resistance 1, petrification resistance
a: Renounce Religion


You were on level 5 of the Dungeon.
You worshipped Makhleb.
Makhleb was aware of your devotion.
You visited 2 branches of the dungeon, and saw 6 of its levels.

You collected 111 gold pieces.

Inventory:

Hand Weapons
 a - a +0 war axe
 s - a +2 double sword of electrocution
 u - the +10 dagger of Joyful Slaughter (weapon) {freeze, Dex+3}
   (You found it on level 2 of the Dungeon)

   It freezes those it strikes, dealing additional cold damage.
   It can also slow down cold-blooded creatures.
   Dex:       It affects your dexterity (+3).
Missiles
 t - 45 stones (quivered)
 y - 12 poisoned darts
Armour
 b - a +0 scale mail (worn)
 c - a +0 buckler (worn)
 A - a +2 robe of the Archmagi
Jewellery
 m - a ring of protection from cold (left hand)
 q - an amulet of magic regeneration (around neck)
 r - a ring of positive energy (right hand)
 x - a ring of positive energy
Scrolls
 e - a scroll of vulnerability {unknown}
 g - 7 scrolls of identify {unknown}
 k - a scroll of noise {unknown}
 l - 2 scrolls of fog {unknown}
 o - 3 scrolls of teleportation {unknown}
 p - a scroll of amnesia {unknown}
 B - a scroll of torment {unknown}
 C - a scroll of fear {unknown}
 E - 2 scrolls of poison {unknown}
 H - a scroll of immolation {unknown}
Potions
 d - a potion of might
 f - 7 potions of haste
 h - a potion of magic {unknown}
 i - 2 potions of brilliance {unknown}
 j - a potion of mutation {unknown}
 n - a potion of attraction {unknown}
 v - 2 potions of lignification {unknown}
 w - a potion of curing {unknown}
 z - 2 potions of degeneration {unknown}
 D - a potion of resistance {unknown}
 F - a potion of invisibility {unknown}
 G - a potion of cancellation {unknown}


   Skills:
 + Level 5.7 Fighting
 + Level 4.2 Axes
 + Level 5.7 Armour
 + Level 5.6 Shields


You had 6 spell levels left.
You didn't know any spells.
Your spell library contained the following spells:

 Spells                   Type           Power      Damage    Failure   Level
 Magic Dart               Conj           0%         1d3       78%         1
 Searing Ray              Conj           0%         2d4       89%         2
 Wereblood                Tmut           0%         N/A       89%         2
 Gell's Gravitas          Tloc           0%         N/A       98%         3
 Ignite Poison            Fire/Tmut/Pois 0%         N/A       98%         3
 Kindle Blastsparks       Fire/Tloc/Air  0%         2d10      98%         3
 Lesser Beckoning         Tloc           0%         N/A       98%         3
 Teleport Other           Tloc           0%         N/A       98%         3
 Fulminant Prism          Conj/Hex       0%         3d5       100%        4
 Freezing Cloud           Conj/Ice/Air   0%         6-21      100%        5
 Summon Hydra             Summ           0%         N/A       100%        7
 Sublimation of Blood     Necr           Unusable   N/A       N/A         2

Dungeon Overview and Level Annotations

Branches:
Dungeon (5/15)             Temple (1/1) D:4

Altars:
Cheibriados
Dithmenos
Fedhas
Kikubaaqudgha
Makhleb
Ru
Sif Muna
Trog
Vehumet
Xom
Zin

Shops:
D:1 !:*


Innate Abilities, Weirdness & Mutations

You are immune to sickness and miasma.
Your stone body is resilient. (AC +4)
You are immune to poison.
You resist negative energy. (rN+)
You are resistant to electric shocks. (rElec)
You are resistant to unholy torment.
You are immune to petrification.


Message History

The orc priest invokes the aid of Beogh against you.
Beogh smites you!
You puncture the orc priest! You freeze the orc priest.
The orc priest is almost dead.
You block the orc priest's attack. You block the orc warrior's attack.
The orc hits you with a +0 flail.
You closely miss the orc priest.
The orc priest is almost dead.
The orc priest hits you but does no damage.
The orc priest hits you with a +0 flail.
The orc warrior hits you with a +0 flail!
The orc hits you but does no damage.
You are too injured to fight recklessly!
You are too injured to fight recklessly!
You are too injured to fight recklessly!
You are too injured to fight recklessly!
You are too injured to fight recklessly!
You are too injured to fight recklessly!
You are too injured to fight recklessly!
You are too injured to fight recklessly!
You are too injured to fight recklessly!
You are too injured to fight recklessly!
You are too injured to fight recklessly!
You completely miss the orc priest.
The orc priest is almost dead.
The orc priest hits you with a +0 short sword.
* * * LOW HITPOINT WARNING * * *
The orc priest casts a cantrip, but nothing happens.
The orc warrior hits you with a +0 flail.
* * * LOW HITPOINT WARNING * * *
You block the orc's attack.
Okay, then.
You hit the orc priest. You freeze the orc priest.
You kill the orc priest!
Makhleb accepts your kill. The orc hits you with a +0 flail.
* * * LOW HITPOINT WARNING * * *
The orc priest hits you but does no damage.
The orc warrior hits you with a +0 flail!
You die...

## . # #.#+#
.#.##.#.####...
...............
.#.##.#<####+##
......o@o......
...[...)o......
.#.####........
.. #........
#......?.
#.....###
.#####. . ..


You could see an orc warrior, an orc priest and an orc.

Vanquished Creatures
  Sigmund (D:3)
  2 black bears (D:4)
  A scorpion (D:4)
  A hound (D:4)
  A jelly (D:4)
  An orc priest (D:5)
  An iguana (D:3)
  12 gnolls
  9 adders
  2 worms (D:4)
  11 dart slugs
  5 orcs (D:3)
  3 bats (D:1)
  7 endoplasms
  5 giant cockroaches
  8 goblins
  8 hobgoblins
  4 jackals
  4 quokkas (D:1)
  10 ball pythons
  2 frilled lizards
  7 kobolds
  4 rats (D:1)
109 creatures vanquished.

Vanquished Creatures (others)
  2 plants (D:1)
2 creatures vanquished.

Grand Total: 111 creatures vanquished

Notes
Turn   | Place    | Note
-------+----------+-------------------------------------------
     0 | D:1      | arthad the Gargoyle Fighter began the quest for the Orb.
     0 | D:1      | Reached XP level 1. HP: 14/14 MP: 1/1
    83 | D:1      | Reached XP level 2. HP: 19/19 MP: 2/2
    98 | D:1      | You fall into a shaft and drop 1 floor!
   115 | D:1      | Found Rehionohu's Book Shop.
   206 | D:1      | Found Wozat's General Store.
   356 | D:1      | Reached XP level 3. HP: 14/23 MP: 3/3
   710 | D:1      | Found Pavitwo's Distillery.
  1075 | D:2      | Reached XP level 4. HP: 29/29 MP: 4/4
  1420 | D:2      | Identified the +10 dagger of Joyful Slaughter {freeze,
                  | Dex+3}
  1925 | D:2      | Reached XP level 5. HP: 10/33 MP: 5/5
  2241 | D:3      | Noticed Sigmund
  2249 | D:3      | Killed Sigmund
  2250 | D:3      | Reached XP level 6. HP: 30/39 MP: 6/6
  2628 | D:4      | Noticed a black bear
  2637 | D:4      | Killed a black bear
  2638 | D:4      | Reached skill level 5 in Fighting
  2638 | D:4      | Reached skill level 5 in Armour
  2638 | D:4      | Reached skill level 5 in Shields
  2638 | D:4      | Reached XP level 7. HP: 34/44 MP: 7/7
  2692 | D:4      | Found a staircase to the Ecumenical Temple.
  2706 | Temple   | Entered the Ecumenical Temple
  2898 | Temple   | Became a worshipper of Makhleb the Destroyer
  3354 | D:4      | Reached * piety under Makhleb
  3840 | D:5      | Entered Level 5 of the Dungeon
  3847 | D:5      | Slain by an orc warrior

Illustrated notes

Levels and vault maps discovered:
D:1:      dpeg_arrival_round_c, layout_loops_ring, serial_shops,
          nicolae_shop_temple_entry_statues_fountains, nicolae_lakefront_shop,
          shop_fountains, serial_bayou_ford_a, minmay_curled_crystal
D:2:      layout_basic, hangedman_decor_slide_cut
D:3:      layout_rooms, minmay_misc_feat_ornament, kennysheep_generic_room_6,
          uniq_sigmund
D:4:      kennysheep_slugbush, layout_basic, minmay_temple_entry_hall
D:5:      layout_basic, lemuel_round_altar
Temple:   bh_familiar_temple

Skill      XL: |  1  2  3  4  5  6  7 |
---------------+----------------------+-----
Axes           | 2 3 4 |  4.2
Armour         | 4 5 |  5.7
Fighting       | 4 5 |  5.7
Shields        | 4 5 |  5.6

Action                   |  1- 3 |  4- 6 |  7- 9 || total
-------------------------+-------+-------+-------++-------
Melee: War axe           |   123 |     8 |       ||   131
       Dagger            |       |    75 |    91 ||   166
Armor: Scale mail        |    66 |    41 |    53 ||   160
Dodge: Dodged            |    65 |    39 |    45 ||   149
Block: Buckler           |    21 |    24 |    19 ||    64

Table legend: (Time is in decaauts)
 A = Elapsed time spent in this place.
 B = Non-inter-level travel time spent in this place.
 C = Inter-level travel time spent in this place.
 D = Time resting spent in this place.
 E = Time spent auto-exploring this place.
 F = Levels seen in this place.
 G = Mean time per level.
                   A        B        C        D        E       F      G
               +--------+--------+--------+--------+--------+-----+--------+
         Total |   3923 |   3727 |    196 |     41 |   2861 |   6 |  653.8 |
       Dungeon |   3713 |   3564 |    149 |     41 |   2701 |   5 |  742.6 |
        Temple |    210 |    163 |     47 |      0 |    160 |   1 |  210.0 |
               +--------+--------+--------+--------+--------+-----+--------+

Top non-repeatable levels by time:
     D:2: 1105 daAuts
     D:4: 1026 daAuts
     D:1: 961 daAuts
     D:3: 612 daAuts
  Temple: 210 daAuts
     D:5: 7 daAuts
